 Dungeon Crawl Stone Soup version 0.31.0-7-gf635a9b802 (webtiles) character file.

Game seed: 13116445253178687019

6726 Khashishi the Mimic (level 11, -10/135 HPs)
             Began as a Naga Shapeshifter on Jan 24, 2024.
             Was a Priest of Dithmenos.
             Mangled by Grum
             ... wielding a +0 glaive
              (21 damage)
             ... on level 1 of the Lair of Beasts.
             The game lasted 01:05:10 (8968 turns).

Khashishi the Mimic (Naga Shapeshifter)             Turns: 8968, Time: 01:05:11

Health: -10/135    AC:  6    Str: 18    XL:     11   Next: 4%
Magic:  19/24      EV:  9    Int: 12    God:    Dithmenos [***...]
Gold:   3          SH:  0    Dex: 12    Spells: 2/16 levels left

rFire   . .          .
                       - Unarmed
rCold   . . .        (shield currently unavailable)
rNeg    . . .        f - +0 troll leather armour
rPois   +            p - +2 hat
rElec   .            v - +0 cloak
rCorr   .            (gloves currently unavailable)
SInv    +            (no barding)
Will    +....        L - amulet of faith Stlth
                     E - ring of magical power
HPRegen 1.22/turn    J - ring of wizardry
MPRegen 0.19/turn

%: faith, wizardry (x1)
@: berserking, blade hands, wreathed by umbra, quick
A: AC +3, large, see invisible, deformed body, poison resistance, slowness 2,
spit poison 1, naga tail 1
a: Spit Poison, Begin Untransformation, Renounce Religion, Shadow Step


You were on level 1 of the Lair of Beasts.
You worshipped Dithmenos.
Dithmenos was most pleased with you.
You had blades for hands.
You visited 3 branches of the dungeon, and saw 11 of its levels.
You also visited: Sewer.

You collected 463 gold pieces.
You spent 460 gold pieces at shops.

Inventory:

Hand Weapons
 M - the +3 trident of Tortfeasance {flame, rC+ Dex+3 Stlth+}
   (You found it on level 9 of the Dungeon)

   Dex+3:     It affects your dexterity (+3).
   rC+:       It protects you from cold.
   Stlth+:    It makes you more stealthy.
Missiles
 I - a throwing net
 K - 5 curare-tipped darts
Armour
 f - a +0 troll leather armour (worn)
 j - the +0 leather armour of Duty {rF+}
   (You found it on level 2 of the Dungeon)

   rF+:       It protects you from fire.
 p - a +2 hat (worn)
 v - a +0 cloak (worn)
 z - the +0 leather armour "Wuhym" {Fly rElec Str-2}
   (You found it on level 4 of the Dungeon)

   Str-2:     It affects your strength (-2).
   rElec:     It insulates you from electricity.
   Fly:       It grants you flight.
 G - the +1 leather armour of the Unicorn {+Blink Slay+3}
   (You found it on level 7 of the Dungeon)

   Slay+3:    It affects your accuracy & damage with ranged weapons and melee
   (+3).
   +Blink:    It lets you blink.
 N - a +0 pair of gloves
Jewellery
 E - a ring of magical power (left blade hand)
 J - a ring of wizardry (right blade hand)
 L - an amulet of faith (around neck)
 O - a ring of positive energy
Talismans
 c - a beast talisman
 d - a flux talisman
 F - a blade talisman (active)
Wands
 b - a wand of digging (5)
Scrolls
 g - 5 scrolls of teleportation
 h - 3 scrolls of blinking
 i - 2 scrolls of amnesia
 k - 2 scrolls of poison {unknown}
 l - 2 scrolls of noise
 o - a scroll of torment {unknown}
 q - a scroll of enchant armour {unknown}
 r - 3 scrolls of enchant weapon {unknown}
 u - a scroll of immolation {unknown}
 w - a scroll of vulnerability {unknown}
 y - 2 scrolls of revelation {unknown}
 C - 2 scrolls of fog
 D - a scroll of brand weapon {unknown}
 H - a scroll of fear
Potions
 a - 2 potions of magic
 e - 3 potions of mutation
 m - a potion of attraction {unknown}
 n - 3 potions of curing
 s - 2 potions of enlightenment
 t - a potion of heal wounds {unknown}
 x - 2 potions of brilliance {unknown}
 A - 2 potions of berserk rage
 B - 3 potions of haste


   Skills:
 - Level 3.0 Fighting
 - Level 1.0 Armour
 - Level 2.0 Dodging
 - Level 6.0 Stealth
 + Level 9.1 Unarmed Combat
 - Level 3.0 Spellcasting
 - Level 4.0 Conjurations
 + Level 5.8 Translocations
 - Level 10.0 Shapeshifting


You had 2 spell levels left.
You knew the following spells:

 Your Spells              Type           Power      Damage    Failure   Level
a - Magic Dart            Conj           44%        1d5       2%          1
b - Searing Ray           Conj           22%        2d5       3%          2
c - Blink                 Tloc           30%        N/A       1%          2
d - Lesser Beckoning      Tloc           30%        N/A       1%          2
e - Manifold Assault      Tloc           15%        N/A       11%         4
f - Teleport Other        Tloc           15%        N/A       3%          3

Your spell library contained the following spells:

 Spells                   Type           Power      Damage    Failure   Level
 Apportation              Tloc           30%        N/A       1%          1
 Shock                    Conj/Air       24%        1d4       5%          1
 Call Imp                 Summ           2%         N/A       17%         2
 Jinxbite                 Hex            2%         N/A       17%         2
 Sublimation of Blood     Necr           1%         N/A       17%         2
 Gell's Gravitas          Tloc           15%        N/A       3%          3
 Passage of Golubria      Tloc           15%        N/A       11%         4
 Call Canine Familiar     Summ           1%         N/A       32%         3
 Fugue of the Fallen      Necr           1%         N/A       32%         3
 Ozocubu's Armour         Ice            1%         N/A       32%         3
 Sigil of Binding         Hex            1%         N/A       32%         3
 Swiftness                Air            1%         N/A       32%         3
 Tukima's Dance           Hex            1%         N/A       32%         3
 Dimensional Bullseye     Hex/Tloc       4%         N/A       32%         4
 Vhi's Electric Charge    Tloc/Air       16%        N/A       32%         4
 Fulminant Prism          Conj/Alch      3%         3d5       43%         4
 Airstrike                Air            0%         2d(1-17)  71%         4
 Arcjolt                  Conj/Air       3%         1d13      77%         5
 Alistair's Intoxication  Alch           0%         N/A       95%         5
 Yara's Violent Unravell  Hex/Alch       0%         3d3       95%         5
 Plasma Beam              Fire/Air       0%         2x1d10    100%        6
 Summon Hydra             Summ           0%         N/A       100%        7


Dungeon Overview and Level Annotations

Branches:
Dungeon (9/15)             Temple (1/1) D:4            Lair (1/5) D:8
  Sewer (visited)
    Orc: D:9-12

Altars:
Cheibriados
Dithmenos
Elyvilon
Fedhas
Gozag
Hepliaklqana
Kikubaaqudgha
Makhleb
Nemelex Xobeh
Okawaru
Qazlal
Ru
Sif Muna
Trog
Vehumet
Wu Jian
Xom
Yredelemnul
Zin
The Shining One

Shops:
D:5 [**:   D:7 ?

Annotations:
D:7 3 runed translucent doors, ProzacElf's ghost, novice TrHW
D:9 1 runed translucent door
Lair:1 Grum


Innate Abilities, Weirdness & Mutations

You have blades for hands.
You are incapable of wielding weapons or throwing items.
Your serpentine skin is tough. (AC +3)
You have supernaturally acute eyesight. (SInv)
Armour fits poorly on your strangely shaped body.
Your system is resistant to poisons. (rPois)
You cover ground very slowly.
You can spit poison.
You have a snake-like lower body.


Message History

The wolf bites you but does no damage.
Okay, then.
Unknown command.
You closely miss the wolf. Your slash misses the wolf.
The wolf is severely wounded.
The wolf bites you but does no damage. Grum barely misses you.
The wolf bites you! Grum attacks as he pursues you!
Grum hits you from afar with a +0 glaive!
The wolf bites you but does no damage.
You slash the wolf!
You kill the wolf!
Dithmenos accepts your kill.
Grum hits you from afar with a +0 glaive!!
Training target 3.0 for Spellcasting reached!
Your Unarmed Combat skill increases to level 9!
Your Spellcasting skill increases to level 3!
You barely miss the wolf. You slash the wolf!
The wolf is severely wounded.
The wolf bites you. Grum hits you but does no damage. The wolf bites you.
Okay, then.
Unknown command.
You slice the wolf!!
You kill the wolf!
Dithmenos accepts your kill. The wolf bites you. Grum barely misses you.
You miss the wolf. Your slash misses the wolf. The wolf bites you!
A red film seems to cover your vision as you go berserk!
You feel yourself moving faster!
You feel mighty! The wolf barely misses you. Grum barely misses you.
The wolf bites you but does no damage.
You closely miss the wolf.
Grum hits you from afar with a +0 glaive!!
* * * LOW HITPOINT WARNING * * *
The wolf misses you.
You slice the wolf!!
You kill the wolf!
Dithmenos accepts your kill.
Grum hits you from afar with a +0 glaive!!
* * * LOW HITPOINT WARNING * * *
Grum hits you with a +0 glaive!!
You die...

#. .# #.... ..#
#.#.# ...##.#.#
........##
.........####.#
.........@....#
#P.....g##.#.#
##.....## .#
##...<# .#
##...# .# #.#..
.. #..... ..
.#.......
..#......


You could see Grum.

Vanquished Creatures
  Prince Ribbit (D:8)
  2 trolls
  Grinder (D:6)
  A hornet (D:8)
  Sigmund (D:4)
  A wyvern (D:8)
  11 yaks
  A steam dragon (D:7)
  An acid dragon (D:9)
  A water moccasin (D:8)
  An orc warrior (D:9)
  3 ice beasts
  A black bear (D:6)
  2 ogres (D:6)
  3 wolves (Lair:1)
  2 centaurs
  A phantom (D:5)
  A brain worm (Sewer)
  6 bullfrogs
  A scorpion (D:5)
  12 wights (D:9)
  6 killer bees
  4 howler monkeys (D:9)
  2 hounds
  A jelly (D:6)
  2 bombardier beetles
  2 gnoll boudas
  A human zombie (D:9)
  2 orc priests (D:9)
  4 sleepcaps
  Jessica (D:2)
  4 iguanas
  2 orc wizards
  7 adders
  11 gnolls
  2 river rats (Sewer)
  4 white imps
  2 ufetubi (D:6)
  6 dart slugs
  2 ribbon worms
  12 orcs
  6 bats
  5 endoplasms
  5 giant cockroaches
  5 goblins
  7 hobgoblins
  A jackal (Sewer)
  9 quokkas
  9 ball pythons
  5 frilled lizards
  3 kobolds
  2 kobold skeletons (D:9)
  3 rats
191 creatures vanquished.

Notes
Turn   | Place    | Note
-------+----------+-------------------------------------------
     0 | D:1      | Khashishi the Naga Shapeshifter began the quest for the
                  | Orb.
     0 | D:1      | Reached XP level 1. HP: 18/18 MP: 1/1
   262 | D:1      | Reached XP level 2. HP: 25/25 MP: 2/2
   437 | D:2      | Identified the +0 leather armour of Duty {rF+}
   480 | D:1      | Reached XP level 3. HP: 11/31 MP: 3/3
   601 | D:2      | Found a faded altar of an unknown god.
  1117 | D:2      | Noticed Jessica
  1121 | D:2      | Killed Jessica
  1122 | D:2      | Reached skill level 4 in Shapeshifting
  1122 | D:2      | Reached XP level 4. HP: 38/38 MP: 4/4
  1408 | D:3      | Found a glowing drain.
  1455 | Sewer    | Entered a sewer
  1615 | Sewer    | Noticed a brain worm
  1628 | Sewer    | Killed a brain worm
  1629 | Sewer    | Reached skill level 5 in Unarmed Combat
  1629 | Sewer    | Reached XP level 5. HP: 30/44 MP: 5/5
  1904 | Sewer    | Reached XP level 6. HP: 51/51 MP: 6/6
  2684 | D:4      | Noticed Sigmund
  2696 | D:4      | Killed Sigmund
  2727 | D:3      | Learned a level 1 spell: Magic Dart
  2730 | D:3      | Learned a level 2 spell: Searing Ray
  3340 | D:4      | Found a staircase to the Ecumenical Temple.
  3348 | Temple   | Entered the Ecumenical Temple
  3366 | Temple   | Became a worshipper of Dithmenos the Shadowed
  3451 | D:4      | Reached skill level 1 in Conjurations
  3576 | D:4      | Identified the +0 leather armour "Wuhym" {Fly rElec Str-2}
  3702 | D:5      | Entered Level 5 of the Dungeon
  3731 | D:5      | Reached skill level 1 in Stealth
  3731 | D:5      | Reached XP level 7. HP: 60/61 MP: 5/7
  3738 | D:5      | Found Fayhij's Armour Emporium.
  3801 | D:5      | Found Ubiymill's Assorted Antiques.
  3853 | D:5      | Bought a forked brass wand for 128 gold pieces
  3853 | D:5      | Bought a scroll labelled JEXORIOREG for 32 gold pieces
  3853 | D:5      | Bought a blue potion for 28 gold pieces
  3922 | D:5      | Found Asataij's Book Shoppe.
  4169 | D:5      | Bought a scroll labelled SURRERRUCK for 32 gold pieces
  4177 | D:5      | Noticed a yak
  4178 | D:5      | Noticed a yak
  4178 | D:5      | Noticed a yak
  4180 | D:5      | Noticed a yak
  4187 | D:5      | Noticed a yak
  4189 | D:5      | Killed a yak
  4190 | D:5      | Reached skill level 5 in Stealth
  4190 | D:5      | Reached XP level 8. HP: 31/68 MP: 2/8
  4203 | D:5      | Killed a yak
  4203 | D:5      | Reached * piety under Dithmenos
  4204 | D:5      | Reached skill level 5 in Shapeshifting
  4219 | D:5      | Killed a yak
  4219 | D:5      | Killed a yak
  4220 | D:5      | Reached skill level 6 in Shapeshifting
  4224 | D:5      | Killed a yak
  4481 | D:5      | Learned a level 2 spell: Blink
  4596 | D:5      | Reached skill level 1 in Translocations
  4596 | D:5      | Reached skill level 7 in Shapeshifting
  4608 | D:5      | Found Nobryt's General Store.
  4647 | D:6      | Noticed a troll
  4658 | D:6      | Killed a troll
  4659 | D:6      | Reached skill level 1 in Spellcasting
  4659 | D:6      | Reached XP level 9. HP: 32/75 MP: 5/11
  4850 | D:6      | Reached skill level 1 in Armour
  5145 | D:6      | Learned a level 2 spell: Lesser Beckoning
  5318 | D:6      | Noticed Grinder
  5338 | D:6      | Killed Grinder
  5632 | D:7      | Found a shimmering altar of Xom.
  5649 | D:7      | Reached skill level 8 in Shapeshifting
  5747 | D:7      | Identified the +1 leather armour of the Unicorn {+Blink
                  | Slay+3}
  5869 | D:7      | Found a runed translucent gate.
  5869 | D:7      | Found a runed translucent gate.
  5869 | D:7      | Noticed ProzacElf's ghost (novice TrHW)
  5871 | D:7      | Found Jalytt's Magic Scroll Boutique.
  5892 | D:7      | Bought a scroll of fear for 40 gold pieces
  5892 | D:7      | Bought a scroll of fog for 40 gold pieces
  6145 | D:7      | Reached ** piety under Dithmenos
  6157 | D:7      | Found a runed translucent gate.
  6280 | D:7      | Reached skill level 9 in Shapeshifting
  6350 | D:7      | Reached XP level 10. HP: 76/84 MP: 13/13
  6865 | D:8      | Reached skill level 10 in Shapeshifting
  7132 | D:8      | Learned a level 4 spell: Manifold Assault
  7241 | D:8      | Found a staircase to the Lair.
  7273 | D:8      | Noticed Prince Ribbit
  7280 | D:8      | Killed Prince Ribbit
  7626 | D:8      | Found an opulent altar of Gozag.
  7631 | D:8      | Found an ancient bone altar of Kikubaaqudgha.
  7782 | D:9      | Identified the +3 trident of Tortfeasance {flame, rC+ Dex+3
                  | Stlth+}
  8000 | D:9      | Reached skill level 5 in Translocations
  8078 | D:9      | Reached *** piety under Dithmenos
  8438 | D:9      | Found a runed translucent door.
  8440 | D:9      | Found a basalt altar of Yredelemnul.
  8486 | D:9      | Found a runed translucent door.
  8487 | D:9      | Found a burning altar of Makhleb.
  8487 | D:9      | Noticed a sixfirhy
  8501 | D:9      | Reached XP level 11. HP: 42/90 MP: 5/15
  8860 | D:5      | Bought a bronze ring for 160 gold pieces
  8864 | D:5      | Learned a level 3 spell: Teleport Other
  8948 | Lair:1   | Entered Level 1 of the Lair of Beasts
  8948 | Lair:1   | Noticed Grum
  8968 | Lair:1   | Mangled by Grum

Illustrated notes

Levels and vault maps discovered:
D:1:      ncdulo_smallfort, layout_basic, kennysheep_minor_cross,
          minmay_split_cup_small
D:2:      layout_basic, chequers_ecumenical_altar_simple_redux,
          hangedman_decor_push, uniq_jessica
D:3:      cheibrodos_helix_gallery, layout_basic, gup_sewer_entry_pipe
D:4:      layout_cave_pools, minmay_temple_entry_junction, serial_column_ruins,
          column_ruins_corridor_corner, column_ruins_open_medium,
          column_ruins_open_tiny, column_ruins_corridor_straight,
          column_ruins_grid_1, uniq_sigmund
D:5:      layout_basic, serial_shops, nicolae_shop_trees,
          nicolae_shop_waterfront, nicolae_shop_tiny_waterfront,
          nicolae_shop_peninsula, minmay_quadrilaterals
D:6:      layout_rooms, uniq_grinder
D:7:      layout_gridville, lemuel_crystal_altar, gammafunk_ghost_nasty_kobolds,
          serial_shops, nicolae_square_shop
D:8:      layout_gridville, mainiacjoe_overflow_big_doors, lair_entry_dummy,
          uniq_prince_ribbit1
D:9:      hellmonk_ruined_rings, layout_stronghold, nzn_makhleb_speed_demon,
          dk_yredelemnul_ordeal, serial_park_tiny_1
Temple:   hellmonk_temple_of_storms
Lair:1:   layout_loops_ring, grunt_megastairs_1, uniq_grum

Skill      XL: |  1  2  3  4  5  6  7  8  9 10 11 |
---------------+----------------------------------+-----
Unarmed Combat | 4 5 6 8 9 |  9.1
Shapeshifting  | 4 7 9 10 | 10.0
Fighting       | 2 3 |  3.0
Conjurations   | 1 3 4 |  4.0
Stealth        | 1 5 6 |  6.0
Translocations | 1 3 5 |  5.8
Dodging        | 2 |  2.0
Spellcasting   | 1 2 3 |  3.0
Armour         | 1 |  1.0

Action                     |  1- 3 |  4- 6 |  7- 9 | 10-12 || total
---------------------------+-------+-------+-------+-------++-------
  Melee: Unarmed           |    45 |    95 |   133 |   148 ||   421
         Punch             |     1 |     2 |     2 |     8 ||    13
  Throw: Dart              |     1 |    18 |     7 |       ||    26
   Cast: Magic Dart        |       |     9 |    22 |     4 ||    35
         Searing Ray       |       |       |    29 |    25 ||    54
         Manifold Assault  |       |       |       |     8 ||     8
         Blink             |       |       |       |     1 ||     1
Ability: Spit Poison       |    24 |    41 |    39 |    11 ||   115
         Begin Untransform |       |     1 |     1 |       ||     2
  Evoke: Wand              |       |       |     5 |       ||     5
    Use: Scroll            |       |     7 |       |     3 ||    10
         Potion            |       |     2 |     3 |     1 ||     6
   Stab: Invisible         |       |     3 |     3 |       ||     6
         Sleeping          |       |       |     1 |     6 ||     7
 Armour: Animal skin       |     7 |       |       |       ||     7
         Leather armour    |    13 |    43 |    24 |    21 ||   101
         Skin              |       |       |    61 |       ||    61
         Troll leather arm |       |       |       |    98 ||    98
  Dodge: Dodged            |    14 |    34 |    82 |    76 ||   206
   Form: Beast             |     1 |       |       |       ||     1
         Flux              |       |       |     4 |       ||     4
                           |       |       |     1 |       ||     1
         Blade             |       |       |     2 |       ||     2
